 Dungeon Crawl Stone Soup version 0.31-a0-986-g5e6e4ef867 (webtiles) character file.

Game seed: 2664856215522725504

975 gelatine the Digger (level 7, -2/51 HPs)
             Began as a Demonspawn Earth Elementalist on Nov 11, 2023.
             Slain by a two-headed ogre
             ... wielding a +0 giant spiked club
              (15 damage)
             ... on level 5 of the Dungeon.
             The game lasted 00:06:57 (4161 turns).

gelatine the Digger (Demonspawn Earth Elementalist) Turns: 4161, Time: 00:06:57

Health: -2/51      AC:  5    Str: 10    XL:     7   Next: 95%
Magic:  20/23      EV: 12    Int: 19    God:
Gold:   225        SH:  0    Dex: 13    Spells: 14/15 levels left

rFire   . . .        (no weapon)
rCold   . . .        (no shield)
rNeg    . . .        q - +2 robe {Will+}
rPois   .            h - +0 helmet
rElec   .            t - scarf {repulsion}
rCorr   +            (no gloves)
SInv    .            (no boots)
Will    +....        x - amulet "Pihesh" {Faith MP+9 Str+2 Slay+3}
Stlth   ++           w - ring of resist corrosion
HPRegen 0.28/turn    (no ring)
MPRegen 0.18/turn

%: repel missiles, faith
@: no status effects
A: powered by death 1, weakness stinger 2
a: no special abilities


You were on level 5 of the Dungeon.
You visited 1 branch of the dungeon, and saw 5 of its levels.

You collected 225 gold pieces.

Inventory:

Armour
 h - a +0 helmet (worn)
 m - the +2 robe of the Known World {rC++}
   (You found it on level 2 of the Dungeon)

   rC++:      It greatly protects you from cold.
 q - a +2 robe of willpower (worn)
 t - a scarf of repulsion (worn)
 y - the +4 chain mail "Vufyun" {+Blink rC- Str-4 Dex+8}
   (You found it on level 5 of the Dungeon)

   Str-4:     It affects your strength (-4).
   Dex+8:     It affects your dexterity (+8).
   rC-:       It makes you vulnerable to cold.
   +Blink:    It lets you blink.
Magical Staves
 u - a staff of conjuration
Jewellery
 r - an amulet of magic regeneration
 w - a ring of resist corrosion (left hand)
 x - the amulet "Pihesh" (around neck) {Faith MP+9 Str+2 Slay+3}
   (You found it on level 4 of the Dungeon)

   [amulet of faith]

   Faith:     It allows you to gain divine favour quickly.
   Str+2:     It affects your strength (+2).
   Slay+3:    It affects your accuracy & damage with ranged weapons and melee
   (+3).
   MP+9:      It affects your magic capacity (+9).
 z - an amulet of guardian spirit
Wands
 p - a wand of acid (8)
 v - a wand of charming (6)
Scrolls
 a - 2 scrolls of vulnerability {unknown}
 c - 2 scrolls of identify {unknown}
 i - a scroll of blinking {unknown}
 j - 2 scrolls of teleportation {unknown}
 k - 2 scrolls of amnesia {unknown}
 l - 3 scrolls of fog {unknown}
 n - a scroll of immolation {unknown}
 s - a scroll of poison {unknown}
 A - a scroll of fear {unknown}
Potions
 b - 3 potions of magic
 d - a potion of brilliance {unknown}
 e - 3 potions of heal wounds {unknown}
 f - a potion of cancellation {unknown}
 g - 3 potions of curing
 o - a potion of degeneration {unknown}
 B - a potion of might {unknown}


   Skills:
 * Level 2.9 Fighting
 + Level 2.0 Dodging
 + Level 2.0 Stealth
 + Level 4.7 Spellcasting
 + Level 0.8 Transmutations
 * Level 6.9 Earth Magic


You had 14 spell levels left.
You knew the following spells:

 Your Spells              Type           Power      Damage    Failure   Level
a - Sandblast             Erth           60%        2d14      1%          1

Your spell library contained the following spells:

 Spells                   Type           Power      Damage    Failure   Level
 Passwall                 Tmut/Erth      15%        N/A       3%          2
 Stone Arrow              Conj/Erth      34%        3d9       10%         3
 Wereblood                Tmut           7%         N/A       14%         2
 Blink                    Tloc           8%         N/A       19%         2
 Petrify                  Tmut/Erth      19%        N/A       26%         4
 Brom's Barrelling Bould  Conj/Erth      17%        2d4       30%         4
 Inner Flame              Hex/Fire       4%         N/A       36%         3
 Flame Wave               Conj/Fire      4%         2d5       77%         4
 Manifold Assault         Tloc           4%         N/A       77%         4
 Sticky Flame             Conj/Fire      4%         2d3       77%         4
 Irradiate                Conj/Tmut      3%         3d12      96%         5


Dungeon Overview and Level Annotations

Branches:
Dungeon (5/15)
 Temple: D:4-7

Altars:
Xom

Annotations:
D:4 1 runed translucent door, croobank's ghost, amateur DgDe


Innate Abilities, Weirdness & Mutations

You regenerate a little health from kills.
You have a tail ending in a sharp stinger.


Message History

A - a scroll labelled TAWAF FAPUAGG You now have 213 gold pieces (gained 11).
Items here: ( ))) [[[ †.
Items here: ( ))) [[[ †.
You now have 225 gold pieces (gained 12).
Found a trident.
Found a stone staircase leading down.
A shadow imp comes into view.
The shadow imp shouts!
The blast of sand hits the shadow imp!
The shadow imp is almost dead.
The blast of sand hits the shadow imp!
You kill the shadow imp!
You can't see any susceptible monsters within range! (Use Z to cast anyway.)
There is a stone staircase leading down here.
B - a glowing black potion
Found a shimmering altar of Xom.
An adder comes into view.
The adder hisses angrily.
The blast of sand hits the adder!
You kill the adder!
You can't see any susceptible monsters within range! (Use Z to cast anyway.)
You can't see any susceptible monsters within range! (Use Z to cast anyway.)
A two-headed ogre comes into view.
It is wielding two +0 giant spiked clubs.
The two-headed ogre shouts in stereo!
The blast of sand misses the two-headed ogre.
The two-headed ogre misses you. The two-headed ogre barely misses you.
The blast of sand hits the two-headed ogre!
The two-headed ogre is lightly wounded.
The two-headed ogre hits you with a +0 giant spiked club!
The two-headed ogre misses you.
The blast of sand hits the two-headed ogre!
The two-headed ogre is moderately wounded.
The two-headed ogre closely misses you.
The two-headed ogre hits you with a +0 giant spiked club!
The blast of sand hits the two-headed ogre!
The two-headed ogre is heavily wounded.
The two-headed ogre hits you with a +0 giant spiked club!
* * * LOW HITPOINT WARNING * * *
The two-headed ogre hits you with a +0 giant spiked club!
You die...

#.#.##.####.## #.#.##.#
#.## #.#.##.# #.# ##
#.#.##.# #.# #..
#.#.##.# #.#
#.#.#######.#.##.# #.#
#........ ..#.##.####.##
#..^^^.O#####.#.........
#..^_^.@.........#######
#...^^..#####.#.##
#......## #.#.# #....##
#.#.# ##### #.#.########
#...........
###....##### ####.# #..
#.###.#


You could see a two-headed ogre.

Vanquished Creatures
  2 black bears (D:5)
  2 ogres
  2 phantoms
  2 scorpions
  2 hounds
  An iguana (D:5)
  Jessica (D:3)
  Natasha (thrice) (D:4)
  4 gnolls (D:3)
  4 adders
  A shadow imp (D:5)
  5 worms
  2 dart slugs (D:1)
  7 orcs
  A ball python (D:2)
  2 bats (D:2)
  6 endoplasms
  A giant cockroach (D:3)
  4 goblins (D:3)
  4 hobgoblins
  3 jackals (D:3)
  5 kobolds
  6 quokkas
  A frilled lizard (D:2)
  6 rats
77 creatures vanquished.

Notes
Turn   | Place    | Note
-------+----------+-------------------------------------------
     0 | D:1      | gelatine the Demonspawn Earth Elementalist began the quest
                  | for the Orb.
     0 | D:1      | Reached XP level 1. HP: 13/13 MP: 3/3
   194 | D:1      | Reached skill level 3 in Earth Magic
   371 | D:1      | Gained mutation: You regenerate a little health from kills.
                  | [demonic ancestry]
   371 | D:1      | Reached XP level 2. HP: 19/19 MP: 3/5
   394 | D:1      | Found a faded altar of an unknown god.
   931 | D:2      | Reached XP level 3. HP: 24/24 MP: 4/6
  1369 | D:2      | Reached skill level 4 in Earth Magic
  1559 | D:2      | Identified the +2 robe of the Known World {rC++}
  1717 | D:3      | Reached XP level 4. HP: 31/31 MP: 4/7
  1928 | D:3      | Noticed Jessica
  1932 | D:3      | Killed Jessica
  2278 | D:3      | Discovered your monstrous ancestry.
  2278 | D:3      | Gained mutation: You have a small tail. [demonic ancestry]
  2278 | D:3      | Reached XP level 5. HP: 36/36 MP: 9/9
  2386 | D:4      | Noticed a phantom
  2391 | D:4      | Killed a phantom
  2392 | D:4      | Reached skill level 1 in Fighting
  2392 | D:4      | Reached skill level 5 in Earth Magic
  2505 | D:4      | Noticed an ogre
  2507 | D:4      | Killed an ogre
  2508 | D:4      | Gained mutation: You have a tail ending in a sharp stinger.
                  | [demonic ancestry]
  2508 | D:4      | Reached XP level 6. HP: 43/43 MP: 8/11
  2634 | D:4      | Found a runed translucent door.
  2636 | D:4      | Noticed croobank's ghost (amateur DgDe)
  2689 | D:4      | Noticed Natasha
  2693 | D:4      | Killed Natasha
  2743 | D:4      | Identified the amulet "Pihesh" {Faith MP+9 Str+2 Slay+3}
  2937 | D:4      | Noticed Natasha
  2944 | D:4      | Killed Natasha
  2951 | D:4      | Noticed Natasha
  2956 | D:4      | Killed Natasha
  3112 | D:5      | Entered Level 5 of the Dungeon
  3115 | D:5      | Reached skill level 6 in Earth Magic
  3121 | D:4      | Reached XP level 7. HP: 21/49 MP: 13/13
  3720 | D:5      | Identified the +4 chain mail "Vufyun" {+Blink rC- Str-4
                  | Dex+8}
  4148 | D:5      | Found a shimmering altar of Xom.
  4157 | D:5      | Noticed a two-headed ogre
  4161 | D:5      | Slain by a two-headed ogre

Illustrated notes

Levels and vault maps discovered:
D:1:      elethiomel_arrival_maze, layout_basic, basic_ecumenical_altar
D:2:      layout_basic, dreamdust_princess_corridor, interstate_on_off
D:3:      layout_basic, kennysheep_potato, uniq_jessica
D:4:      layout_loops_cross, ebering_ghost_reflecting_pool, uniq_natasha
D:5:      black_bear_nest_2, layout_loops_ring, xom_teletrap_fun,
          pf_guarded_unrand_meek

Skill      XL: |  1  2  3  4  5  6  7 |
---------------+----------------------+-----
Earth Magic    | 3 4 5 6 |  6.9
Fighting       | 1 2 |  2.9
Spellcasting   | 3 4 |  4.7
Stealth        | 2 |  2.0
Dodging        | 2 |  2.0
Transmutations | |  0.8

Action                     |  1- 3 |  4- 6 |  7- 9 || total
---------------------------+-------+-------+-------++-------
  Melee: Unarmed           |       |    12 |     1 ||    13
   Cast: Sandblast         |    46 |    55 |    42 ||   143
    Use: Potion            |       |       |     1 ||     1
 Armour: Robe              |     6 |    21 |    25 ||    52
  Dodge: Dodged            |     4 |    15 |    19 ||    38

Table legend: (Time is in decaauts)
 A = Elapsed time spent in this place.
 B = Non-inter-level travel time spent in this place.
 C = Inter-level travel time spent in this place.
 D = Time resting spent in this place.
 E = Time spent auto-exploring this place.
 F = Levels seen in this place.
 G = Mean time per level.
                   A        B        C        D        E       F      G
               +--------+--------+--------+--------+--------+-----+--------+
         Total |   4231 |   4144 |     87 |      0 |   3601 |   5 |  846.2 |
       Dungeon |   4231 |   4144 |     87 |      0 |   3601 |   5 |  846.2 |
               +--------+--------+--------+--------+--------+-----+--------+

Top non-repeatable levels by time:
     D:4: 965 daAuts
     D:2: 905 daAuts
     D:5: 864 daAuts
     D:1: 749 daAuts
     D:3: 747 daAuts
